 Dungeon Crawl Stone Soup version 0.30-a0-304-gdc4b735fe1 (webtiles) character file.

Game seed: 892550211927364680

623 blackman the Carver (level 7, -2/48 (52) HPs)
             Began as a Human Delver on Oct 20, 2022.
             Slain by a wight
             ... wielding a +0 hand axe
              (7 damage)
             ... on level 6 of the Dungeon.
             The game lasted 00:08:27 (5093 turns).

blackman the Carver (Human Delver)                  Turns: 5093, Time: 00:08:28

HP:   -2/48 (52)    AC:  3    Str: 13    XL:     7   Next: 75%
MP:   7/7           EV: 12    Int: 16    God:
Gold: 40            SH:  5    Dex: 16    Spells: 6/6 levels left

rFire   . . .      SeeInvis .    a - +0 falchion
rCold   . . .      Faith    .    (no shield)
rNeg    . . .      Spirit   .    b - +0 leather armour
rPois   .          Reflect  +    (no helmet)
rElec   .          Harm     .    (no cloak)
rCorr   .          Rampage  .    (no gloves)
Will    .....                    (no boots)
Stlth   +++.......               h - amulet of reflection
HPRegen 0.28/turn                d - +6 ring of intelligence
MPRegen 0.10/turn                (no ring)

@: drained
A: no striking features
a: no special abilities


You were on level 6 of the Dungeon.
You visited 1 branch of the dungeon, and saw 4 of its levels.

You collected 40 gold pieces.

Inventory:

Hand Weapons
 a - a +0 falchion (weapon)
 e - a +0 shortbow
Missiles
 f - 12 poisoned darts
Armour
 b - a +0 leather armour (worn)
Jewellery
 d - a +6 ring of intelligence (left hand)
 h - an amulet of reflection (around neck)
 q - an amulet of magic regeneration
Wands
 g - a wand of digging (3)
Scrolls
 c - a scroll of fog
 i - a scroll of immolation {unknown}
 k - a scroll of fear
Potions
 j - a potion of flight


   Skills:
 - Level 3.0 Fighting
 + Level 8.1 Long Blades
 - Level 2.0 Dodging
 - Level 5.0 Stealth


You had 6 spell levels left.
You didn't know any spells.
Your spell library contained the following spells:

 Spells                   Type           Power      Damage    Failure   Level
 Magic Dart               Conj           0%         1d3       32%         1
 Searing Ray              Conj           0%         2d4       43%         2
 Fulminant Prism          Conj/Hex       0%         3d6       97%         4


Dungeon Overview and Level Annotations

Branches:
Dungeon (7/15)
 Temple: D:4-7

Altars:
Dithmenos
Xom


Message History

k - a scroll of fear The wight attacks as you move away!
The wight hits you with a +0 hand axe.
You feel drained.
There is a stone staircase leading up here.
The wight barely misses you.
You climb upwards.
There is a stone staircase leading down here.
a - a +0 falchion (weapon)
The wight hits you with a +0 hand axe!
You feel drained.
You hit the wight but do no damage. You block the wight's attack.
You closely miss the wight. You hit the wight.
The wight is moderately damaged.
You block the wight's attack.
You barely miss the wight.
The wight is moderately damaged.
The wight barely misses you.
You hit the wight.
The wight is moderately damaged.
The wight hits you with a +0 hand axe!
You closely miss the wight.
The wight is moderately damaged.
The wight hits you with a +0 hand axe!
You hit the wight.
The wight is heavily damaged.
The wight hits you with a +0 hand axe.
* * * LOW HITPOINT WARNING * * *
You completely miss the wight.
The wight is heavily damaged.
The wight hits you with a +0 hand axe.
* * * LOW HITPOINT WARNING * * *
You feel drained.
* * * LOW HITPOINT WARNING * * *
You hit the wight.
The wight is heavily damaged.
The wight closely misses you.
You closely miss the wight.
The wight is heavily damaged.
The wight hits you with a +0 hand axe!
You die...

...# #.#
#.....#.####.##.###..# ####
#.# #.....#..............#
#.#########.#.#.......#.....
#.........#.#.#.#.##########
#########.#.#.#.............
#...#.#.###.##########
#...#.#.....#
############...#z#######
...........'...'@#
############...#'#######
####...........#
#..............#
#..............#
#..............# ##
#.........###### .#
#.........# .# #.........#


You could see a wight.

Vanquished Creatures
  A centaur (D:5)
  A kobold brigand (D:6)
  A necrophage (D:5)
  A scorpion (D:6)
  A howler monkey (D:5)
  2 jellies (D:5)
  A hound (D:5)
  A gnoll bouda (D:5)
  An orc wizard (D:6)
  3 iguanas (D:6)
  4 gnolls (D:5)
  2 adders (D:5)
  A white imp (D:5)
  2 ufetubi (D:6)
  3 orcs
  A goblin (D:4)
  A quokka (D:5)
  A ball python (D:4)
  7 kobolds
35 creatures vanquished.

Vanquished Creatures (others)
  8 plants (D:4)
8 creatures vanquished.

Grand Total: 43 creatures vanquished

Notes
Turn   | Place    | Note
-------+----------+-------------------------------------------
     0 | D:5      | blackman the Human Delver began the quest for the Orb.
     0 | D:5      | Reached XP level 1. HP: 18/18 MP: 1/1
    98 | D:5      | Noticed a centaur
   139 | D:5      | Reached XP level 2. HP: 12/24 MP: 2/2
   605 | D:4      | Found a shadowy altar of Dithmenos.
   723 | D:5      | Reached skill level 3 in Long Blades
   723 | D:5      | Reached XP level 3. HP: 22/29 MP: 3/3
   783 | D:6      | Reached skill level 4 in Long Blades
   783 | D:6      | Reached XP level 4. HP: 24/35 MP: 4/4
  1060 | D:6      | Reached XP level 5. HP: 40/41 MP: 5/5
  1066 | D:6      | Noticed a kobold brigand
  1493 | D:5      | Reached skill level 5 in Long Blades
  1921 | D:5      | Reached XP level 6. HP: 23/47 MP: 6/6
  1965 | D:5      | Reached skill level 6 in Long Blades
  2821 | D:6      | Reached skill level 7 in Long Blades
  2821 | D:6      | Reached XP level 7. HP: 6/52 MP: 7/7
  3265 | D:6      | Found a shimmering altar of Xom.
  3854 | D:5      | Reached skill level 8 in Long Blades
  5093 | D:6      | Slain by a wight

Illustrated notes

Levels and vault maps discovered:
D:4:      layout_loops_ring, lemuel_crystal_altar, nemelex_spade_bored_becter,
          serial_forest, infiniplex_forest_zigzag_1,
          infiniplex_forest_clump_diagonal, infiniplex_forest_corner_1,
          infiniplex_forest_3_way, infiniplex_forest_clump_diagonal,
          infiniplex_forest_clump_large, infiniplex_forest_side_room,
          infiniplex_forest_end_2, infiniplex_forest_lined_2,
          infiniplex_forest_join, guppyfry_early_orc_mine
D:5:      layout_loops_ring, grunt_decor_resistance
D:6:      layout_basic, nicolae_overflow_hidden_temple
D:7:      layout_basic, minmay_temple_entry_offerings

Skill      XL: |  1  2  3  4  5  6  7 |
---------------+----------------------+-----
Long Blades    | 3 4 5 7 8 |  8.1
Fighting       | |  3.0
Dodging        | |  2.0
Stealth        | |  5.0

Action                   |  1- 3 |  4- 6 |  7- 9 || total
-------------------------+-------+-------+-------++-------
Melee: Falchion          |    24 |    88 |    67 ||   179
       Punch             |     1 |       |     1 ||     2
 Fire: Shortbow          |       |       |    18 ||    18
Throw: Dart              |       |     5 |       ||     5
  Use: Scroll            |     1 |     1 |     6 ||     8
       Potion            |       |       |     4 ||     4
 Stab: Sleeping          |     1 |     2 |       ||     3
       Invisible         |       |       |     2 ||     2
Armor: Leather armour    |     5 |    10 |     7 ||    22
Dodge: Dodged            |    13 |    54 |    30 ||    97
Block: Other             |     4 |    19 |    19 ||    42
       Reflection        |       |     1 |       ||     1

Table legend: (Time is in decaauts)
 A = Elapsed time spent in this place.
 B = Non-inter-level travel time spent in this place.
 C = Inter-level travel time spent in this place.
 D = Time resting spent in this place.
 E = Time spent auto-exploring this place.
 F = Levels seen in this place.
 G = Mean time per level.
                   A        B        C        D        E       F      G
               +--------+--------+--------+--------+--------+-----+--------+
         Total |   5084 |   4899 |    185 |   2708 |   1312 |   4 | 1271.0 |
       Dungeon |   5084 |   4899 |    185 |   2708 |   1312 |   4 | 1271.0 |
               +--------+--------+--------+--------+--------+-----+--------+

Top non-repeatable levels by time:
     D:5: 2590 daAuts
     D:6: 1758 daAuts
     D:4: 701 daAuts
     D:7: 34 daAuts
